 Dungeon Crawl Stone Soup version 0.28-a0-697-g47f3eba078 (webtiles) character file.

Game seed: 7632687532528868234

64 ytrimaz the Skirmisher (level 4, -6/37 HPs)
             Began as a Formicid Fighter on Oct 24, 2021.
             Mangled by Crazy Yiuf (11 damage)
             ... on level 2 of the Dungeon.
             The game lasted 00:02:18 (1338 turns).

ytrimaz the Skirmisher (Formicid Fighter)           Turns: 1338, Time: 00:02:24

Health: -6/37      AC:  9    Str: 21    XL:     4   Next: 32%
Magic:  4/4        EV:  9    Int:  8    God:
Gold:   87         SH:  4    Dex: 10    Spells: 3/3 levels left

rFire   . . .      SeeInvis +   a - +0 war axe
rCold   . . .      Faith    .   c - +0 buckler
rNeg    . . .      Spirit   .   b - +0 scale mail
rPois   +          Reflect  .   (helmet unavailable)
rElec   .          Harm     .   j - +0 cloak
rCorr   +          Rampage  .   (no gloves)
Will    .....                   i - +0 pair of boots
Stlth   ..........              (no amulet)
HPRegen 0.12/turn               e - ring of resist corrosion
MPRegen 0.09/turn               l - ring of poison resistance

@: brilliant
A: permanent stasis, dig shafts and tunnels, antennae 3, four strong arms
a: Dig, Shaft Self


You were on level 2 of the Dungeon.
You visited 1 branch of the dungeon, and saw 2 of its levels.

You collected 87 gold pieces.

Inventory:

Hand Weapons
 a - a +0 war axe (weapon)
Armour
 b - a +0 scale mail (worn)
 c - a +0 buckler (worn)
 i - a +0 pair of boots (worn)
 j - a +0 cloak (worn)
Jewellery
 e - a ring of resist corrosion (left hand)
 l - a ring of poison resistance (right hand)
Scrolls
 k - 2 scrolls of teleportation {unknown}
 m - a scroll of amnesia {unknown}
Potions
 d - a potion of haste
 g - 2 potions of curing
 h - a potion of mutation {unknown}
 n - a potion of flight {unknown}


   Skills:
 + Level 4.1 Fighting
 + Level 3.0 Axes
 + Level 4.0 Armour
 - Level 3.6 Shields


You had 3 spell levels left.
You didn't know any spells.
Your spell library was empty.

Dungeon Overview and Level Annotations

Branches:
Dungeon (2/15)

Altars:

Shops:
D:1 =

Annotations:
D:2 Crazy Yiuf


Innate Abilities, Weirdness & Mutations

You cannot be hasted, slowed, berserked, paralysed or teleported.
You can dig through walls and to a lower floor.
You have a pair of large antennae on your head. (SInv)
Your four strong arms can wield two-handed weapons with a shield.


Message History

The worm is severely wounded.
You hit the worm but do no damage.
The worm is severely wounded.
The worm completely misses you.
You hit the worm.
The worm is almost dead.
You block the worm's attack.
You slash the worm!
You kill the worm!
Your Armour skill increases to level 4!
You see here a worm corpse.
A giant cockroach comes into view.
Found a stone staircase leading down.
A giant cockroach is nearby!
A giant cockroach is nearby!
A giant cockroach is nearby!
You hit the giant cockroach.
You kill the giant cockroach!
n - a smoky ruby potion Crazy Yiuf shouts!
Could not explore, unopened runed door.
Could not explore, unopened runed door.
Could not explore, unopened runed door.
You open the door.
Crazy Yiuf drinks a potion.
Crazy Yiuf seems to grow stronger.
It was a potion of brilliance.
You feel clever all of a sudden.
You feel better. You block Crazy Yiuf's attack.
It was a potion of haste.
Your stasis prevents you from being hasted.
Crazy Yiuf hits you with a +2 quarterstaff of chaos!
You resist with some effort.
You hit Crazy Yiuf.
Crazy Yiuf is moderately wounded.
Crazy Yiuf hits you with a +2 quarterstaff of chaos!
* * * LOW HITPOINT WARNING * * *
Space warps around you.
* * * LOW HITPOINT WARNING * * *
Crazy Yiuf hits you with a +2 quarterstaff of chaos!
You die...

######## #...>..#
#....(.#########
#######.........
########## ###♣♣♣♣♣
#.######## ##.#..♣.♣♣♣
### #.<....)))
##......♣..♣#...#
##########
#....PP♣♣♣♣@g...# #
#...#.♣♣ ♣♣#..)# #####
#.###♣♣ ### #.... #.#
#.... #.# #....
#.########## ###..
#..........###########
#..
#########......(.#...##
#.. ####..........##
#..


You could see Crazy Yiuf (strong).

Vanquished Creatures
  Robin (D:2)
  A worm (D:2)
  A dart slug (D:2)
  3 bats
  2 endoplasms
  3 giant cockroaches
  8 goblins
  5 hobgoblins
  3 quokkas
  6 ball pythons
  3 frilled lizards
  3 kobolds
  6 rats
45 creatures vanquished.

Notes
Turn   | Place    | Note
-------+----------+-------------------------------------------
     0 | D:1      | ytrimaz the Formicid Fighter began the quest for the Orb.
     0 | D:1      | Reached XP level 1. HP: 18/18 MP: 1/1
    37 | D:1      | Found a faded altar of an unknown god.
   116 | D:1      | Reached XP level 2. HP: 21/24 MP: 2/2
   352 | D:1      | Reached XP level 3. HP: 29/30 MP: 3/3
   368 | D:1      | Found Ratoij's Jewellery Shoppe.
   682 | D:2      | Noticed Robin
   693 | D:2      | Killed Robin
   899 | D:2      | Reached XP level 4. HP: 35/37 MP: 4/4
  1000 | D:2      | Found a runed translucent door.
  1001 | D:2      | Noticed Crazy Yiuf
  1338 | D:2      | Mangled by Crazy Yiuf

Illustrated notes

Levels and vault maps discovered:
D:1:      enne_arrival_octagon_isle, layout_basic,
          ebering_ecumenical_altar_webs, serial_shops, nicolae_shop_stone,
          minmay_stone_trees_medium
D:2:      layout_rooms, uniq_robin, uniq_crazy_yiuf_cottage

Skill      XL: |  1  2  3  4 |
---------------+-------------+-----
Fighting       | 4 |  4.1
Axes           | 3 |  3.0
Armour         | 4 |  4.0
Shields        | |  3.6

Action                   |  1- 3 |  4- 6 || total
-------------------------+-------+-------++-------
Melee: War axe           |    89 |    26 ||   115
 Abil: Dig               |     1 |     1 ||     2
  Use: Scroll            |     1 |       ||     1
       Potion            |     2 |     3 ||     5
Armor: Scale mail        |    54 |    20 ||    74
Dodge: Dodged            |    63 |     9 ||    72
Block: Buckler           |    31 |    10 ||    41

Table legend: (Time is in decaauts)
 A = Elapsed time spent in this place.
 B = Non-inter-level travel time spent in this place.
 C = Inter-level travel time spent in this place.
 D = Time resting spent in this place.
 E = Time spent auto-exploring this place.
 F = Levels seen in this place.
 G = Mean time per level.
                   A        B        C        D        E       F      G
               +--------+--------+--------+--------+--------+-----+--------+
         Total |   1381 |   1380 |      1 |      0 |    930 |   2 |  690.5 |
       Dungeon |   1381 |   1380 |      1 |      0 |    930 |   2 |  690.5 |
               +--------+--------+--------+--------+--------+-----+--------+

Top non-repeatable levels by time:
     D:1: 705 daAuts
     D:2: 676 daAuts
